 Dungeon Crawl Stone Soup version 0.22.1-2-g9c5b331 (webtiles) character file.

144687 Tiagovsky the Warrior (level 16, -10/157 HPs)
             Began as a Minotaur Monk on Jan 5, 2019.
             Was the Champion of Ru.
             Mangled by a sea snake (34 damage)
             ... on level 3 of the Shoals on Jan 6, 2019.
             The game lasted 03:13:32 (43342 turns).

Tiagovsky the Warrior (Minotaur Monk)              Turns: 43342, Time: 03:13:33

Health: -10/157    AC: 28    Str: 22    XL:     16   Next: 55%
Magic:  13/15      EV:  8    Int:  5    God:    Ru [******]
Gold:   1350       SH:  0    Dex: 14    Spells: 14/15 levels left

rFire    + . .     SeeInvis .   n - +3 flail (protect)
rCold    . . .     Gourm    .   X - +2 shield
rNeg     . . .     Faith    .   G - +8 chain mail "Rezuute" {Stlth+}
rPois    .         Spirit   .   (helmet restricted)
rElec    .         Reflect  +   Q - +0 cloak
rCorr    .         Harm     .   a - +0 pair of gloves
MR       ++...                  i - +0 pair of boots
Stlth    ..........             L - +6 amulet of reflection
HPRegen  0.76/turn              h - ring of protection from fire
MPRegen  0.14/turn              o - ring of protection from magic

@: sleeping, hasted, heavily drained
A: retaliatory headbutt, claws 1, horns 2, large bone plates 1, molten scales 1,
dopey 1, regeneration 1, evolution 1, no potion heal 1, hated by all, inability
to train dodging, no conjurations magic, no ice magic, no transmutations magic,
unskilled 1
}: 1/15 runes: gossamer
a: Draw Out Power, Power Leap, Apocalypse, Renounce Religion


You were on level 3 of the Shoals.
You worshipped Ru.
Ru was exalted by your worship.
You were not hungry.

You visited 5 branches of the dungeon, and saw 24 of its levels.
You also visited: Sewer.

You collected 1350 gold pieces.

Inventory:

Hand Weapons
 n - a +3 flail of protection (weapon)
 y - a +5 antimagic trident
 D - the +4 quarterstaff of the Moons {crush, +Fly rElec rPois}
   (You found it in a sewer)

   It inflicts extra damage upon your enemies.
   It insulates you from electricity.
   It protects you from poison.
   It lets you fly.
Missiles
 k - 657 stones (quivered)
 v - 60 tomahawks
Armour
 a - a +0 pair of gloves (worn)
 i - a +0 pair of boots (worn)
 G - the +8 chain mail "Rezuute" (worn) {Stlth+}
   (You found it on level 5 of the Dungeon)

   It makes you more stealthy.
 Q - a +0 cloak (worn)
 X - a +2 shield (worn)
Magical Staves
 O - an uncursed staff of poison
Jewellery
 h - a ring of protection from fire (left hand)
 o - a ring of protection from magic (right hand)
 L - a +6 amulet of reflection (around neck)
Wands
 x - a wand of disintegration (14)
 F - a wand of polymorph (43)
 H - a wand of random effects (38)
 I - a wand of flame (85)
 T - a wand of paralysis (19)
Scrolls
 d - 2 scrolls of identify
 f - a scroll of blinking
 m - a scroll of vulnerability {unknown}
 p - 17 scrolls of teleportation
 q - a scroll of enchant armour
 s - 11 scrolls of remove curse
 t - 3 scrolls of immolation
 u - 5 scrolls of magic mapping
 A - a scroll of enchant weapon
 M - 2 scrolls of fog
Potions
 e - 6 potions of flight
 j - a potion of agility
 l - 4 potions of brilliance
 K - a potion of magic
 N - a potion of haste
 R - 2 potions of berserk rage
 S - a potion of invisibility
 U - 5 potions of ambrosia
 V - 2 potions of cancellation
 Y - a potion of might
Miscellaneous
 J - a lightning rod (4/4)
 P - a phial of floods
 W - a lamp of fire
Comestibles
 c - 47 rations


   Skills:
 + Level 17.7(16.0) Fighting
   Level 3.3(2.1) Long Blades
 - Level 12.9(12.4) Maces & Flails
 - Level 9.5(10.9) Staves
 - Level 16.0(14.3) Armour
 - Level 1.4(0.2) Stealth
 + Level 14.8(13.2) Shields


You had 14 spell levels left.
You knew the following spells:

 Your Spells              Type           Power        Failure   Level  Hunger
a - Magic Dart            Conj           #...         97%         1    ##.....

Your spell library contained the following spells:

 Spells                   Type           Power        Failure   Level  Hunger
 Apportation              Tloc           #.....       97%         1    ##.....
 Confusing Touch          Hex            #.....       97%         1    ##.....
 Infusion                 Chrm           #...         97%         1    ##.....
 Pain                     Necr           #...         97%         1    ##.....
 Blink                    Tloc           N/A          99%         2    ###....
 Shroud of Golubria       Chrm/Tloc      #.........   99%         2    ###....
 Slow                     Hex            #.......     99%         2    ###....
 Song of Slaying          Chrm           #.......     99%         2    ###....
 Swiftness                Chrm/Air       #.......     99%         2    ###....
 Confuse                  Hex            #.......     100%        3    ####...
 Gell's Gravitas          Tloc           #.........   100%        3    ####...
 Regeneration             Chrm/Necr      #.........   100%        3    ####...
 Spectral Weapon          Hex/Chrm       #.......     100%        3    ####...
 Vampiric Draining        Necr           #.........   100%        3    ####...
 Airstrike                Air            #.........   100%        4    #####..
 Leda's Liquefaction      Hex/Erth       #.........   100%        4    #####..
 Shatter                  Erth           #.........   100%        9    #######
 Animate Skeleton         Necr           Unusable     N/A         1    N/A
 Shock                    Conj/Air       Unusable     N/A         1    N/A
 Summon Butterflies       Summ           Unusable     N/A         1    N/A
 Summon Small Mammal      Summ           Unusable     N/A         1    N/A
 Call Imp                 Summ           Unusable     N/A         2    N/A
 Call Canine Familiar     Summ           Unusable     N/A         3    N/A
 Conjure Flame            Conj/Fire      Unusable     N/A         3    N/A
 Mephitic Cloud           Conj/Pois/Air  Unusable     N/A         3    N/A
 Static Discharge         Conj/Air       Unusable     N/A         3    N/A
 Animate Dead             Necr           Unusable     N/A         4    N/A
 Petrify                  Tmut/Erth      Unusable     N/A         4    N/A
 Summon Ice Beast         Ice/Summ       Unusable     N/A         4    N/A
 Bolt of Magma            Conj/Fire/Erth Unusable     N/A         5    N/A
 Lightning Bolt           Conj/Air       Unusable     N/A         5    N/A
 Metabolic Englaciation   Hex/Ice        Unusable     N/A         5    N/A
 Summon Mana Viper        Hex/Summ       Unusable     N/A         5    N/A
 Yara's Violent Unravell  Hex/Tmut       Unusable     N/A         5    N/A
 Iron Shot                Conj/Erth      Unusable     N/A         6    N/A
 Statue Form              Tmut/Erth      Unusable     N/A         6    N/A
 Summon Hydra             Summ           Unusable     N/A         7    N/A

Dungeon Overview and Level Annotations

Branches:
Dungeon (11/15)            Temple (1/1) D:6            Lair (4/6) D:10
 Shoals (4/4) Lair:3       Spider (4/4) Lair:4
    Orc: D:9-12

Altars:
Ashenzari
Cheibriados
Dithmenos
Elyvilon
Fedhas
Gozag
Hepliaklqana
Kikubaaqudgha
Makhleb
Nemelex Xobeh
Okawaru
Qazlal
Ru
Sif Muna
Trog
Uskayaw
Vehumet
Wu Jian
Xom
Yredelemnul
Zin
The Shining One

Shops:
D:8 %   D:11 :   Shoals:4 [

Annotations:
Lair:3 3 runed doors, Vogetunn's ghost, journeyman MiFi


Innate Abilities, Weirdness & Mutations

You reflexively headbutt those who attack you in melee.
You have a pair of horns on your head.
You are dopey. (Int -2)
Potions are less effective at restoring your health.
You are hated by all.
You cannot train Dodging skill.
You cannot study or cast Conjurations magic.
You cannot study or cast Ice magic.
You cannot study or cast Transmutations magic.
You are somewhat unskilled. (-1 Apt)
You have sharp fingernails.
You are partially covered in large bone plates. (SH +4)
You are partially covered in molten scales. (AC +2)
Your natural rate of healing is unusually fast.
You evolve.


Message History

The dream sheep splashes around in the water.
The cyclops is stunned by your will and fails to attack.
The dream sheep begins to attack, but is stunned by your will!
The dream sheep shake their wool and sparkle.
You feel drowsy...
You fall asleep.
You hear a distant blaring wail to the southwest.
The dream sheep bites you but does no damage.
All of the chunks of flesh in your inventory have rotted away.
The dream sheep bites you but does no damage.
The dream sheep bites you!!
You wake up.
* * * LOW HITPOINT WARNING * * *
Unknown command.
You feel less exhausted.
A sea snake comes into view.
The sea snake hisses angrily.
The dream sheep shake their wool and sparkle.
You feel drowsy...
You fall asleep.
The sea snake bites you but does no damage.
The sea snake bites you!!
You die...

≈≈≈.)≈≈<..)..# ###.≈≈≈≈≈≈≈≈≈≈
≈...........## #..PP≈≈≈≈≈≈≈≈≈
≈........)..# #...≈≈≈≈≈≈≈≈≈≈
...........## #....≈≈≈≈≈≈≈..
...........# ##.≈..≈≈≈≈≈≈...
...........# #..≈.≈≈≈≈≈≈≈C.#
...........# ##.^≈..≈≈≈...##
..)...≈≈...####......≈......#
...≈≈≈≈≈.≈S@YY...C.(≈..##.≈.
...≈≈≈≈≈..#..Y......(..#..≈≈
##≈≈........≈≈.(≈≈.....≈
.....≈...≈##≈≈≈≈..#.≈≈≈.[≈.......
≈......./≈X##≈≈≈...≈≈≈≈))).......
..≈..../%*≈≈#≈≈......≈≈≈(.....≈..
≈.....w.≈*.≈#≈......≈≈≈≈......≈≈≈
w\..≈.≈ww≈≈.#........≈≈≈≈....#.>≈
..\.≈..≈≈... ≈≈≈.....≈≈≈...###..


You could see a sea snake, a cyclops and 3 dream sheep.

Vanquished Creatures
  Arachne (Spider:3)
  Jorgrun (Spider:1)
  Polyphemus (Shoals:2)
  3 ghost moths
  4 emperor scorpions
  Louise (Shoals:1)
  5 entropy weavers
  A spark wasp (Spider:4)
  2 merfolk javelineers
  4 merfolk impalers
  A hydra (Lair:1)
  2 merfolk avatars
  A catoblepas (Shoals:2)
  4 merfolk aquamancers
  An alligator snapping turtle (Shoals:2)
  A satyr (Shoals:2)
  2 two-headed ogres
  4 death yaks (Shoals:2)
  A tengu warrior (D:10)
  A queen ant (Spider:3)
  10 sea snakes
  14 orb spiders
  6 harpies
  35 wolf spiders
  12 fauns
  9 manticores
  2 moths of wrath
  An elephant (D:10)
  A water nymph (Shoals:3)
  A black mamba (Lair:4)
  9 merfolk sirens
  A gargoyle (D:7)
  8 spiny frogs
  3 komodo dragons
  A kobold demonologist (D:11)
  15 demonic crawlers
  A queen bee (D:10)
  3 trolls (D:10)
  7 wind drakes
  26 jumping spiders
  23 merfolk
  8 hornets
  5 snapping turtles
  8 hippogriffs
  2 dream sheep (Shoals:1)
  29 tarantellas
  Sigmund (D:5)
  A wyvern (D:11)
  13 yaks
  78 redbacks
  4 water elementals
  Eustachio (D:5)
  A wraith (D:10)
  3 basilisks
  5 humans (D:6)
  4 water moccasins
  23 soldier ants
  Purgy (Sewer)
  10 porcupines
  3 ice beasts
  2 orc warriors
  5 sky beasts
  2 phantoms
  2 black bears (D:10)
  9 ogres
  2 necrophages (D:10)
  A centaur (D:10)
  5 crocodiles
  Blork the orc (D:6)
  17 bullfrogs
  A gnoll sergeant (D:11)
  A water moccasin zombie (D:11)
  4 scorpions
  38 killer bees
  A wight (D:7)
  4 howler monkeys
  4 electric eels
  4 crimson imps
  A bullfrog zombie (D:7)
  2 quasits
  5 orc priests
  2 jellies
  9 hounds
  12 orc wizards
  A bullfrog skeleton (D:5)
  2 centaur skeletons
  3 iguanas
  5 hell rats (Lair:1)
  28 worker ants
  A hound zombie (D:5)
  A worker ant zombie (D:5)
  Robin (D:3)
  5 gnolls (D:11)
  17 adders
  4 shadow imps
  An ooze (D:4)
  2 worms
  2 dart slugs
  8 leopard geckos
  40 orcs
  A ball python (D:5)
  8 bats
  6 giant cockroaches
  14 goblins
  10 hobgoblins
  5 jackals
  4 quokkas
  7 frilled lizards
  7 kobolds
  A quokka skeleton (D:4)
  A quokka zombie (D:7)
  8 rats
  A fungus (Lair:4)
  5 plants (Lair:4)
762 creatures vanquished.

Vanquished Creatures (others)
  An entropy weaver (Spider:2)
  A merfolk javelineer (Shoals:4)
  A merfolk aquamancer (Shoals:4)
  A satyr (Shoals:2)
  A sea snake (Shoals:3)
  A harpy (Shoals:1)
  2 wolf spiders (Spider:1)
  A manticore (Shoals:4)
  A faun (Shoals:1)
  A cyclops (Shoals:1)
  A water nymph (Shoals:4)
  A guardian serpent (D:11)
  2 jumping spiders
  A demonic crawler (Spider:2)
  3 merfolk
  A hornet (Spider:3)
  A dream sheep (Shoals:1)
  3 redbacks
  3 tarantellas
  An orc warrior (D:11)
  A centaur (Shoals:1)
  A killer bee (D:10)
  An orc wizard (D:11)
  2 hell rats (Lair:1)
  A worker ant (Spider:4)
  3 fungi
  12 plants
  14 tentacles (Shoals:3)
63 creatures vanquished.

Grand Total: 825 creatures vanquished

Notes
Turn   | Place    | Note
-------+----------+-------------------------------------------
     0 | D:1      | Tiagovsky the Minotaur Monk began the quest for the Orb.
     0 | D:1      | Reached XP level 1. HP: 19/19 MP: 0/0
   104 | D:1      | Reached skill level 1 in Maces & Flails
   105 | D:1      | Reached skill level 4 in Fighting
   143 | D:1      | Reached XP level 2. HP: 26/27 MP: 1/1
   855 | D:2      | Reached XP level 3. HP: 28/34 MP: 2/2
  1323 | D:2      | Reached XP level 4. HP: 41/41 MP: 3/3
  1902 | D:3      | Found a radiant altar of Vehumet.
  1938 | D:3      | Reached skill level 5 in Fighting
  2052 | D:3      | Found a blossoming altar of Fedhas.
  2090 | D:3      | Noticed Robin
  2126 | D:3      | Killed Robin
  2418 | D:3      | Reached XP level 5. HP: 44/48 MP: 4/4
  2428 | D:3      | Learned a level 1 spell: Magic Dart
  2861 | D:4      | Found a glowing golden altar of the Shining One.
  3208 | D:4      | Found a glowing drain.
  3218 | Sewer    | Entered a sewer
  3300 | Sewer    | Noticed Purgy
  3317 | Sewer    | Killed Purgy
  3317 | Sewer    | Reached skill level 6 in Fighting
  3317 | Sewer    | Reached skill level 5 in Maces & Flails
  3317 | Sewer    | Reached XP level 6. HP: 35/58 MP: 5/5
  3378 | Sewer    | Got a crystal quarterstaff
  3402 | Sewer    | Identified the +4 quarterstaff of the Moons {crush, +Fly
                  | rElec rPois} (You found it in a sewer)
  3567 | D:4      | Found a sparkling altar of Nemelex Xobeh.
  3677 | D:4      | Reached skill level 1 in Staves
  3903 | D:5      | Entered Level 5 of the Dungeon
  4169 | D:5      | Reached skill level 7 in Fighting
  4171 | D:5      | Reached skill level 1 in Armour
  4178 | D:5      | Reached XP level 7. HP: 58/66 MP: 6/6
  4218 | D:5      | Got a steaming chain mail
  4229 | D:5      | Identified the +8 chain mail "Rezuute" {Stlth+} (You found
                  | it on level 5 of the Dungeon)
  4373 | D:5      | Noticed Eustachio
  4378 | D:5      | Killed Eustachio
  4658 | D:5      | Noticed Sigmund
  4682 | D:5      | Killed Sigmund
  4682 | D:5      | Reached skill level 8 in Fighting
  4682 | D:5      | Reached XP level 8. HP: 57/74 MP: 7/7
  4773 | D:5      | Reached skill level 5 in Staves
  4822 | D:5      | Found an ornate altar of the Wu Jian Council.
  5279 | D:6      | Reached skill level 5 in Armour
  5286 | D:6      | Reached skill level 9 in Fighting
  5334 | D:6      | Found a white marble altar of Elyvilon.
  5352 | D:6      | Found a staircase to the Ecumenical Temple.
  5352 | D:6      | Noticed Blork the orc
  5358 | D:6      | Killed Blork the orc
  5358 | D:6      | Reached XP level 9. HP: 84/84 MP: 8/8
  5388 | Temple   | Entered the Ecumenical Temple
  5619 | Temple   | Became a worshipper of Ru the Awakened
  5629 | Temple   | Gained mutation: You cannot study or cast Ice magic. [Ru
                  | sacrifice]
  5629 | Temple   | Gained mutation: You cannot study or cast Transmutations
                  | magic. [Ru sacrifice]
  5629 | Temple   | Gained mutation: You cannot study or cast Conjurations
                  | magic. [Ru sacrifice]
  5629 | Temple   | Reached * piety under Ru
  6158 | D:7      | Reached skill level 10 in Fighting
  6256 | D:7      | Found a hide-covered altar of Uskayaw.
  6688 | D:7      | Found a hazy altar of Hepliaklqana.
  7077 | D:7      | Noticed a gargoyle
  7087 | D:7      | Killed a gargoyle
  7669 | D:7      | Found a glowing silver altar of Zin.
  7670 | D:7      | Found an opulent altar of Gozag.
  7841 | D:8      | Reached skill level 11 in Fighting
  8192 | D:8      | Gained mutation: You cannot train Dodging skill. [Ru
                  | sacrifice]
  8192 | D:8      | Reached ** piety under Ru
  8243 | D:8      | Reached XP level 10. HP: 96/96 MP: 9/9
  8391 | D:8      | Found Nus Ogru's Food Emporium.
  9070 | D:9      | Found a snail-covered altar of Cheibriados.
  9071 | D:9      | Found an ancient bone altar of Kikubaaqudgha.
  9072 | D:9      | Found a basalt altar of Yredelemnul.
  9486 | D:10     | Entered Level 10 of the Dungeon
  9571 | D:10     | Found a staircase to the Lair.
  9571 | D:10     | Noticed an elephant
  9594 | D:10     | Killed an elephant
  9594 | D:10     | Reached skill level 10 in Staves
  9614 | D:10     | Reached skill level 12 in Fighting
  9844 | D:10     | Gained mutation: You are somewhat unskilled. (-1 Apt) [Ru
                  | sacrifice]
  9844 | D:10     | Reduced skill Fighting to level 11
  9844 | D:10     | Reached *** piety under Ru
  9844 | D:10     | Reached **** piety under Ru
 10582 | D:10     | Reached skill level 1 in Shields
 10638 | D:10     | Reached skill level 5 in Maces & Flails
 10758 | D:10     | Noticed a tengu warrior
 10779 | D:10     | Killed a tengu warrior
 11080 | D:10     | Reached XP level 11. HP: 101/101 MP: 10/10
 12007 | D:10     | Noticed a two-headed ogre
 12017 | D:10     | Killed a two-headed ogre
 12414 | Lair:1   | Entered Level 1 of the Lair of Beasts
 12547 | Lair:1   | Reached skill level 12 in Fighting
 13023 | Lair:1   | Gained mutation: Potions are less effective at restoring
                  | your health. [Ru sacrifice]
 13023 | Lair:1   | Reached ***** piety under Ru
 13050 | Lair:1   | Noticed a four-headed hydra
 13055 | Lair:1   | Reached skill level 10 in Armour
 13062 | Lair:1   | Killed a four-headed hydra
 13062 | Lair:1   | Reached skill level 5 in Shields
 15093 | Lair:3   | Reached XP level 12. HP: 112/112 MP: 11/11
 15385 | Lair:3   | Found a runed gate.
 15387 | Lair:3   | Found a runed gate.
 15387 | Lair:3   | Found a runed gate.
 15389 | Lair:3   | Noticed Vogetunn's ghost (journeyman MiFi)
 15402 | Lair:3   | Gained mutation: You are dopey. (Int -2) [Ru sacrifice]
 16105 | Lair:3   | Found a staircase to the Shoals.
 16399 | Shoals:1 | Entered Level 1 of the Shoals
 17395 | Lair:4   | Found a hole to the Spider Nest.
 17408 | Lair:4   | Reached skill level 13 in Fighting
 18482 | Spider:1 | Entered Level 1 of the Spider Nest
 18639 | Spider:1 | Noticed Jorgrun
 18656 | Spider:1 | Killed Jorgrun
 18930 | Spider:1 | Reached XP level 13. HP: 84/122 MP: 7/12
 19198 | Spider:1 | Reached skill level 10 in Maces & Flails
 19247 | Spider:1 | Gained mutation: You are hated by all. [Ru sacrifice]
 19247 | Spider:1 | Reached ****** piety under Ru
 19968 | Spider:1 | Noticed an emperor scorpion
 19983 | Spider:1 | Killed an emperor scorpion
 20747 | Spider:1 | Reached skill level 14 in Fighting
 20794 | Spider:2 | Noticed an entropy weaver
 20989 | Spider:2 | Killed an entropy weaver
 22056 | Spider:2 | Reached skill level 10 in Shields
 22081 | Spider:2 | Paralysed by a hornet for 3 turns
 23782 | Spider:3 | Noticed an entropy weaver
 23882 | Spider:2 | Killed an entropy weaver
 24032 | Spider:3 | Noticed an emperor scorpion
 24077 | Spider:3 | Killed an emperor scorpion
 24598 | Spider:2 | Reached XP level 14. HP: 104/133 MP: 13/13
 25206 | Spider:3 | Reached skill level 15 in Fighting
 26292 | Spider:3 | Noticed an entropy weaver
 26853 | Spider:3 | Killed an entropy weaver
 26881 | Spider:3 | Killed a ghost moth
 28080 | Spider:4 | Entered Level 4 of the Spider Nest
 28080 | Spider:4 | Noticed Arachne
 30901 | Spider:3 | Killed Arachne
 30917 | Spider:3 | HP: 10/202 [poisoned by Arachne (poison arrow)]
 30921 | Spider:3 | HP: 4/135 [poisoned by Arachne (poison arrow)]
 33691 | Spider:4 | Noticed an entropy weaver
 33691 | Spider:4 | Noticed an entropy weaver
 33715 | Spider:3 | Killed an entropy weaver
 33715 | Spider:3 | Killed an entropy weaver
 34046 | Spider:4 | Reached XP level 15. HP: 142/143 MP: 14/14
 34675 | Spider:4 | Reached skill level 16 in Fighting
 36299 | Spider:4 | HP: 6/216 [spark wasp (13)]
 36851 | Spider:3 | Gained mutation: You are resistant to hostile enchantments.
                  | (MR+) [potion of mutation]
 36851 | Spider:3 | Gained mutation: Your magical capacity is low. (-10% MP)
                  | [potion of mutation]
 36851 | Spider:3 | Gained mutation: You are somewhat resistant to further
                  | mutation. [potion of mutation]
 36852 | Spider:3 | Lost mutation: You are somewhat resistant to further
                  | mutation. [potion of mutation]
 36852 | Spider:3 | Lost mutation: You are resistant to hostile enchantments.
                  | (MR+) [potion of mutation]
 36852 | Spider:3 | Lost mutation: Your magical capacity is low. (-10% MP)
                  | [potion of mutation]
 36852 | Spider:3 | Gained mutation: You have an increased reservoir of magic.
                  | (+10% MP) [potion of mutation]
 36852 | Spider:3 | Gained mutation: Your flesh is heat resistant. (rF+)
                  | [potion of mutation]
 36852 | Spider:3 | Gained mutation: You have sharp fingernails. [potion of
                  | mutation]
 36949 | Spider:4 | Killed a ghost moth
 37286 | Spider:4 | Noticed a ghost moth
 37292 | Spider:4 | Killed a ghost moth
 37501 | Spider:4 | Got a gossamer rune of Zot
 38552 | D:11     | Found Eroutt's Book Shoppe.
 39119 | D:11     | Lost mutation: You have an increased reservoir of magic.
                  | (+10% MP) [potion of mutation]
 39119 | D:11     | Lost mutation: Your flesh is heat resistant. (rF+) [potion
                  | of mutation]
 39119 | D:11     | Gained mutation: You evolve. [potion of mutation]
 39119 | D:11     | Gained mutation: You are partially covered in molten
                  | scales. (AC +2) [potion of mutation]
 39119 | D:11     | Gained mutation: Your natural rate of healing is unusually
                  | fast. [potion of mutation]
 40011 | Shoals:1 | Noticed Louise
 40050 | Shoals:1 | Killed Louise
 40257 | Shoals:1 | Gained mutation: You are partially covered in large bone
                  | plates. (SH +4) [evolution]
 40989 | Shoals:2 | Reached skill level 15 in Armour
 41045 | Shoals:2 | Noticed Polyphemus
 41050 | Shoals:2 | Reached skill level 17 in Fighting
 41059 | Shoals:2 | Killed Polyphemus
 41060 | Shoals:2 | Reached XP level 16. HP: 151/155 MP: 7/15
 41775 | Shoals:3 | Noticed a kraken
 41775 | Shoals:3 | Noticed a kraken
 41775 | Shoals:3 | Noticed a kraken
 41775 | Shoals:3 | Noticed a kraken
 42383 | Shoals:4 | Entered Level 4 of the Shoals
 42853 | Shoals:4 | Found Qofidgh's Armour Shoppe.
 42940 | Shoals:4 | Got a sapphire-encrusted chain mail
 42941 | Shoals:4 | Identified the cursed +1 chain mail "Itar" {Dex+4 Slay+3}
                  | (You found it on level 4 of the Shoals)
 43342 | Shoals:3 | Mangled by a sea snake

Skill      XL: |  1  2  3  4  5  6  7  8  9 10 11 12 13 14 15 16 |
---------------+-------------------------------------------------+-----
Maces & Flails | 1 2 3 5 5 7 9 11 12 | 12.9
Fighting       | 4 5 6 7 8 9 11 11 12 13 14 15 17 | 17.7
Staves         | 2 4 6 9 9 |  9.5
Armour         | 1 4 6 8 9 10 11 12 13 15 16 | 16.0
Dodging        | 0 |  0.0
Shields        | 2 6 8 10 12 13 14 | 14.8
Long Blades    | |  3.3
Stealth        | |  1.4

Action                   |  1- 3 |  4- 6 |  7- 9 | 10-12 | 13-15 | 16-18 || total
-------------------------+-------+-------+-------+-------+-------+-------++-------
Melee: Whip              |    59 |    90 |       |       |       |       ||   149
       Falchion          |     3 |       |       |       |       |       ||     3
       Headbutt          |    10 |    20 |    56 |   155 |   489 |    92 ||   822
       Quarterstaff      |       |    26 |   239 |   145 |       |       ||   410
       Flail             |       |       |       |   720 |  1995 |   457 ||  3172
Throw: Tomahawk          |     9 |     9 |     7 |    21 |    20 |     8 ||    74
       Stone             |     2 |       |     1 |     3 |    19 |     1 ||    26
       Javelin           |       |       |       |       |       |    25 ||    25
Invok: Sacrifice Arcana  |       |       |     1 |       |       |       ||     1
       Sacrifice Nimblen |       |       |     1 |       |       |       ||     1
       Draw Out Power    |       |       |       |     5 |    16 |     9 ||    30
       Power Leap        |       |       |       |     3 |     1 |     1 ||     5
       Sacrifice Skill   |       |       |       |     1 |       |       ||     1
       Apocalypse        |       |       |       |     3 |     8 |       ||    11
       Sacrifice Purity  |       |       |       |     2 |       |       ||     2
       Sacrifice Love    |       |       |       |       |     1 |       ||     1
Evoke: Wand              |       |       |       |       |     2 |     1 ||     3
  Use: Scroll            |     3 |     2 |     7 |    14 |    10 |     6 ||    42
       Potion            |       |       |       |     8 |    15 |     4 ||    27
 Stab: Sleeping          |     2 |     2 |       |       |       |       ||     4
       Invisible         |       |       |       |     5 |    10 |     4 ||    19
       Petrifying        |       |       |       |     3 |       |       ||     3
       Petrified         |       |       |       |     1 |       |       ||     1
       Distracted        |       |       |       |     3 |    12 |     6 ||    21
       Paralysed         |       |       |       |     2 |    28 |     1 ||    31
       Held in net/web   |       |       |       |       |     1 |       ||     1
  Eat: Chunk             |     1 |     9 |    18 |    17 |    15 |     8 ||    68
       Ration            |       |       |       |     5 |    17 |       ||    22
Armor: Robe              |     5 |     9 |       |       |       |       ||    14
       Troll leather arm |       |     5 |     1 |       |       |       ||     6
       Chain mail        |       |       |    91 |   519 |  1158 |   181 ||  1949
       Skin              |       |       |       |    98 |    36 |    15 ||   149
Dodge: Dodged            |    33 |    74 |    74 |   213 |   465 |    76 ||   935
Block: Shield            |       |       |       |   509 |  2007 |   614 ||  3130
       Reflection        |       |       |       |       |    34 |    68 ||   102
